 Dungeon Crawl Stone Soup version 0.30.0-5-g1a98f26d00 (webtiles) character file.

Game seed: 2852906129475634505

1612 Dordric the Carver (level 8, 0/57 HPs)
             Began as a Barachi Warper on May 9, 2023.
             Was an Initiate of Okawaru.
             Shot with an arrow by a centaur (10 damage)
             ... on level 7 of the Dungeon.
             The game lasted 00:09:02 (6611 turns).

Dordric the Carver (Barachi Warper)                 Turns: 6611, Time: 00:09:02

Health: 0/57       AC: 12    Str: 12    XL:     8   Next: 95%
Magic:  11/11      EV: 11    Int: 14    God:    Okawaru [......]
Gold:   376        SH:  0    Dex: 14    Spells: 5/11 levels left

rFire   . . .        e - +6 falchion of Doors {protect, rElec Stlth+}
rCold   + . .        (no shield)
rNeg    + . .        B - +1 ring mail {rC+}
rPois   .            (no helmet)
rElec   +            (no cloak)
rCorr   .            j - +2 pair of gloves
SInv    .            l - +2 pair of boots
Will    .....        y - amulet of magic regeneration
Stlth   ++           m - ring of positive energy
HPRegen 0.29/turn    (no ring)
MPRegen 0.52/turn

%: no passive effects
@: unable to hop, on blink cooldown, slow
A: amphibious, slowness 1, strong legs 1, +LOS
a: Hop, Renounce Religion


You were on level 7 of the Dungeon.
You worshipped Okawaru.
Okawaru was noncommittal.
You visited 2 branches of the dungeon, and saw 8 of its levels.

You collected 376 gold pieces.

Inventory:

Hand Weapons
 a - a +0 falchion
 e - the +6 falchion of Doors (weapon) {protect, rElec Stlth+}
   (You found it on level 3 of the Dungeon)

   rElec:     It insulates you from electricity.
   Stlth:     It makes you more stealthy.
Missiles
 d - 7 boomerangs of dispersal (quivered)
 v - 3 silver boomerangs
 E - 8 boomerangs
Armour
 b - a +0 leather armour
 j - a +2 pair of gloves (worn)
 l - a +2 pair of boots (worn)
 w - a +3 plate armour
 B - a +1 ring mail of cold resistance (worn)
Jewellery
 m - a ring of positive energy (left hand)
 y - an amulet of magic regeneration (around neck)
 J - a ring of magical power
Wands
 t - a wand of charming (9)
 G - a wand of flame (12)
Scrolls
 c - 2 scrolls of blinking
 h - 2 scrolls of fear
 i - 3 scrolls of magic mapping
 n - a scroll of immolation
 o - 4 scrolls of teleportation
 r - 2 scrolls of noise {unknown}
 u - 2 scrolls of vulnerability {unknown}
 z - 2 scrolls of enchant armour {unknown}
 D - a scroll of amnesia {unknown}
 I - a scroll of identify
Potions
 f - 6 potions of curing
 g - a potion of ambrosia {unknown}
 k - 2 potions of heal wounds {unknown}
 p - a potion of resistance
 q - a potion of magic {unknown}
 s - a potion of lignification {unknown}
 x - 3 potions of might {unknown}
 A - a potion of cancellation {unknown}
 C - a potion of degeneration {unknown}
 F - a potion of haste {unknown}
 H - a potion of attraction {unknown}


   Skills:
 - Level 2.4 Fighting
 + Level 12.3 Long Blades
 - Level 1.0 Throwing
 - Level 1.2 Armour
 - Level 2.1 Dodging
 - Level 1.5 Stealth
 - Level 2.1 Spellcasting
 + Level 5.0 Translocations


You had 5 spell levels left.
You knew the following spells:

 Your Spells              Type           Power      Damage    Failure   Level
a - Blink                 Tloc           30%        N/A       10%         2
b - Manifold Assault      Tloc           15%        N/A       54%         4

Your spell library contained the following spells:

 Spells                   Type           Power      Damage    Failure   Level
 Lesser Beckoning         Tloc           30%        N/A       10%         2
 Gell's Gravitas          Tloc           15%        N/A       21%         3
 Teleport Other           Tloc           15%        N/A       21%         3
 Magic Dart               Conj           4%         1d3       47%         1
 Vhi's Electric Charge    Tloc/Air       16%        N/A       50%         3
 Searing Ray              Conj           2%         2d4       63%         2
 Hailstorm                Conj/Ice       1%         3d3       85%         3
 Fulminant Prism          Conj/Hex       0%         3d5       99%         4
 Ice Form                 Ice/Tmut       1%         N/A       99%         4
 Borgnjor's Vile Clutch   Necr/Erth      0%         N/A       100%        5
 Animate Dead             Necr           Unusable   N/A       N/A         4
 Death Channel            Necr           Unusable   N/A       N/A         6
 Simulacrum               Ice/Necr       Unusable   N/A       N/A         6

Dungeon Overview and Level Annotations

Branches:
Dungeon (7/15)             Temple (1/1) D:6

Altars:
Ashenzari
Cheibriados
Dithmenos
Elyvilon
Fedhas
Gozag
Hepliaklqana
Kikubaaqudgha
Makhleb
Nemelex Xobeh
Okawaru
Qazlal
Ru
Sif Muna
Trog
Uskayaw
Vehumet
Wu Jian
Yredelemnul
Zin
The Shining One

Shops:
D:2 :


Innate Abilities, Weirdness & Mutations

You are amphibious.
You cover ground slowly.
You can hop short distances.
You have an extended range of vision and can be seen from far away.


Message History

Found a twisted runed staff.
A gnoll sergeant comes into view. It is wielding a +2 spear of venom.
Found a club.
The gnoll shouts! x2 2 gnolls, a centaur and an ice beast come into view.
The gnoll shouts!
The centaur wields a +0 shortbow.
The centaur shoots an arrow.
The arrow hits you.
The gnoll sergeant shouts!
The gnoll shouts!
You hear a shout!
The gnoll hits you but does no damage. The gnoll closely misses you.
A centaur comes into view.
The centaur shoots an arrow.
The arrow hits you but does no damage.
The gnoll closely misses you. x2; The gnoll hits you but does no damage.
The gnoll barely misses you.
You hit the gnoll.
Your weapon exudes an aura of protection.
The gnoll is lightly wounded.
The gnoll attacks as you move away! The gnoll barely misses you.
The gnoll hits you but does no damage. x3
The gnoll hits you from afar with a +0 spear.
The centaur shoots an arrow.
The arrow hits you!
The centaur shoots an arrow.
The arrow hits you!
You see here a Young Poisoner's Handbook.
The centaur shoots an arrow.
The arrow hits you!
The centaur shoots an arrow.
The arrow barely misses you.
The centaur shoots an arrow.
The arrow hits you!
* * * LOW HITPOINT WARNING * * *
The centaur wields a +0 shortbow.
The centaur shoots an arrow.
The arrow hits you but does no damage.
The centaur shoots an arrow.
The arrow hits you but does no damage.
Hop to where?
Press: ? - help, Dir - move target Boing!
The centaur shoots an arrow.
The arrow hits you.
* * * LOW HITPOINT WARNING * * *
Casting: Manifold Assault (quite dangerous; 54% risk of failure)
Confirm with . or Enter, or press ? or * to list all spells.
You blink.
The centaur shoots an arrow.
The arrow hits you!
You die...

......g.......#......
............c.#.....
..........ggg.#....#
........g..g.Y#....#
........c.....#....##
####.#..............#
#.#.≈≈≈≈.≈§≈≈....#
#...≈.......≈....#
##..§.#####.≈@##.#
##§§.#.....§....#
##)≈.#._.#.≈.####
#..§.....#.§.#
#####..≈.#####.≈.#
.......≈......§§§#
######.≈≈≈§≈≈§§§.#
#.........§§#
##....##..#.#


You could see an ice beast, a gnoll sergeant, 2 centaurs and 4 gnolls.

Vanquished Creatures
  Grinder (D:6)
  Sigmund (D:5)
  Edmund (D:5)
  A black bear (D:5)
  An ogre (D:6)
  A kobold brigand (D:4)
  A bullfrog (D:6)
  A scorpion (D:4)
  A howler monkey (D:5)
  6 orc priests
  3 hounds
  4 iguanas
  Natasha (thrice) (D:3)
  3 orc wizards
  A gnoll (D:7)
  5 adders
  2 white imps (D:6)
  2 ufetubi
  2 worms (D:2)
  2 dart slugs
  30 orcs
  8 ball pythons
  4 bats
  8 endoplasms
  2 hobgoblins
  2 jackals (D:1)
  2 quokkas (D:2)
  3 frilled lizards
  4 goblins
  27 kobolds
  7 rats
139 creatures vanquished.

Notes
Turn   | Place    | Note
-------+----------+-------------------------------------------
     0 | D:1      | Dordric the Barachi Warper began the quest for the Orb.
     0 | D:1      | Reached XP level 1. HP: 17/17 MP: 3/3
   277 | D:1      | Reached XP level 2. HP: 23/23 MP: 5/5
   640 | D:1      | Reached skill level 3 in Long Blades
   972 | D:2      | Found Jeaneut's Book Shop.
  1079 | D:2      | Reached XP level 3. HP: 27/28 MP: 6/6
  1742 | D:3      | Reached skill level 4 in Long Blades
  1747 | D:3      | Reached XP level 4. HP: 14/34 MP: 7/7
  1853 | D:3      | Reached skill level 5 in Long Blades
  2038 | D:3      | Reached XP level 5. HP: 31/39 MP: 8/8
  2411 | D:3      | Noticed Natasha
  2423 | D:3      | Killed Natasha
  2503 | D:3      | Identified the +6 falchion of Doors {protect, rElec Stlth+}
  2504 | D:3      | Noticed Natasha
  2518 | D:3      | Killed Natasha
  2519 | D:3      | Reached skill level 6 in Long Blades
  2524 | D:3      | Learned a level 2 spell: Blink
  2529 | D:3      | Learned a level 4 spell: Manifold Assault
  2690 | D:3      | Reached XP level 6. HP: 29/46 MP: 9/9
  2810 | D:3      | Reached skill level 7 in Long Blades
  2831 | D:3      | Noticed Natasha
  2836 | D:3      | Killed Natasha
  3878 | D:4      | Reached skill level 8 in Long Blades
  4283 | D:4      | Reached XP level 7. HP: 44/51 MP: 10/10
  4663 | D:5      | Entered Level 5 of the Dungeon
  4688 | D:5      | Noticed Edmund
  4710 | D:5      | Killed Edmund
  4711 | D:5      | Reached skill level 9 in Long Blades
  4717 | D:5      | Noticed Sigmund
  4725 | D:5      | Killed Sigmund
  4726 | D:5      | Reached skill level 10 in Long Blades
  4726 | D:5      | Reached XP level 8. HP: 57/57 MP: 11/11
  4868 | D:5      | Reached skill level 1 in Stealth
  5374 | D:5      | Reached skill level 11 in Long Blades
  5734 | D:6      | Found a staircase to the Ecumenical Temple.
  5746 | Temple   | Entered the Ecumenical Temple
  5755 | Temple   | Became a worshipper of Warmaster Okawaru
  5790 | D:6      | Noticed Grinder
  5802 | D:6      | Paralysed by Grinder for 2 turns
  5805 | D:6      | Killed Grinder
  5806 | D:6      | Reached skill level 12 in Long Blades
  6009 | D:6      | Found a glowing golden altar of the Shining One.
  6010 | D:6      | Found a snail-covered altar of Cheibriados.
  6011 | D:6      | Found a burning altar of Makhleb.
  6536 | D:7      | Found a shimmering blue altar of Sif Muna.
  6578 | D:7      | Reached skill level 5 in Translocations
  6611 | D:7      | Shot with an arrow by a centaur

Illustrated notes

Levels and vault maps discovered:
D:1:      lemuel_arrival_muddy, layout_loops_corners
D:2:      minmay_diamond_boxcup, layout_basic, serial_shops, nicolae_shop_stone
D:3:      layout_basic, uniq_natasha
D:4:      kennysheep_kobold_camp, layout_loops_ring,
          minmay_misc_feat_four_crosses
D:5:      black_bear_nest_2, layout_basic, sigmund_edmund_badplayer
D:6:      layout_gridville, grunt_temple_overflow_open,
          minmay_temple_entry_glassed_door, uniq_grinder
D:7:      layout_basic, mainiacjoe_overflow_brackets, grunt_decor_cap
Temple:   sentei_temple_godly_chess

Skill      XL: |  1  2  3  4  5  6  7  8 |
---------------+-------------------------+-----
Long Blades    | 3 4 5 6 8 10 12 | 12.3
Translocations | 4 5 |  5.0
Stealth        | 1 |  1.5
Fighting       | |  2.4
Throwing       | |  1.0
Armour         | |  1.2
Dodging        | |  2.1
Spellcasting   | |  2.1

Action                     |  1- 3 |  4- 6 |  7- 9 || total
---------------------------+-------+-------+-------++-------
  Melee: Falchion          |   137 |   178 |   193 ||   508
         Punch             |     1 |     3 |     3 ||     7
   Cast: Blink             |       |       |     1 ||     1
Ability: Hop               |       |       |     1 ||     1
    Use: Potion            |       |     1 |     1 ||     2
         Scroll            |       |     4 |       ||     4
   Stab: Sleeping          |       |       |     1 ||     1
 Armour: Plate armour      |   113 |   151 |    51 ||   315
         Ring mail         |       |       |    71 ||    71
  Dodge: Dodged            |    16 |    21 |    78 ||   115
